 Dungeon Crawl Stone Soup version 0.19-a0-628-g9200b3b (webtiles) character file.

59 Kilingo the Ruffian (level 3, 0/31 HPs)
             Began as a Minotaur Monk on June 13, 2016.
             Slain by Sigmund
             ... wielding a +0 scythe
              (12 damage)
             ... on level 2 of the Dungeon.
             The game lasted 00:10:36 (1299 turns).

Kilingo the Ruffian (Minotaur Monk)                 Turns: 1299, Time: 00:10:37

Health: 0/31       AC:  3    Str: 16    XL:     3   Next: 78%
Magic:  2/2        EV: 13    Int:  7    God:
Gold:   127        SH:  0    Dex: 12    Spells: 0 memorised, 2 levels left

rFire  . . .     SeeInvis .       - Unarmed
rCold  . . .     Gourm    .     g - +0 robe
rNeg   . . .     Faith    .     (no shield)
rPois  .         Spirit   .     (helmet restricted)
rElec  .         Dismiss  .     (no cloak)
rCorr  .         Reflect  .     (no gloves)
SustAt .         Harm     .     i - +0 pair of boots
MR     .....                    (no amulet)
Stlth  ++........               (no ring)
                                (no ring)

@: not resistant to hostile enchantments, unstealthy
A: retaliatory headbutt, horns 2, talons 1
a: no special abilities


You were on level 2 of the Dungeon.
You were not hungry.

You visited 1 branch of the dungeon, and saw 2 of its levels.

You collected 127 gold pieces.

Inventory:

Hand Weapons
 a - a +0 dagger
Armour
 e - a +1 leather armour of fire resistance
 g - a +0 robe (worn)
 i - a +0 pair of boots (worn)
 l - a +0 buckler
Scrolls
 h - 2 scrolls of teleportation {unknown}
 k - a scroll of fear {unknown}
 m - a scroll of immolation {unknown}
Potions
 c - 2 potions of beneficial mutation
 j - a potion of lignification {unknown}
Comestibles
 b - 2 bread rations
 d - 9 chunks of flesh
 f - 2 meat rations


   Skills:
 - Level 3.6 Fighting
 + Level 1.8 Short Blades
 - Level 2.0 Armour
 - Level 3.2 Dodging
 - Level 2.7 Stealth
 - Level 4.3 Unarmed Combat


You had 2 spell levels left.
You didn't know any spells.

Dungeon Overview and Level Annotations

Branches:
Dungeon (2/15)

Altars:

Annotations:
D:2 Sigmund


Innate Abilities, Weirdness & Mutations

You reflexively headbutt those who attack you in melee.
You have a pair of horns on your head.
You have sharp toenails.


Message History

Sigmund the Dreaded comes into view.
He is wielding a scythe.
Sigmund gestures at you while chanting.
You are confused.
You bump into the rock wall.
Sigmund gestures wildly while chanting.
Sigmund flickers and vanishes!
Deactivating autopickup; reactivate with Ctrl-A.
You bump into the rock wall.
You bump into the rock wall.
A magic dart appears from out of thin air!
The magic dart hits you!
You bump into the rock wall.
You bump into the rock wall.
You are now empty-handed.
You feel less confused. Something hits you!
It was a potion of beneficial mutation.
Your toenails lengthen and sharpen.
You feel fantastic! Something hits you!
You die...

### ## #.. .######.#
......... #######.# #
#.# #######.########
...............####.####
##
#######.######..@{......
.## # ##### #.#
#####...##. #.###. ....#
#.# ..... ##<.#.#
###.###.########
.##..##....##
#.............
...........#
#..###.#####.
............ #..# #.#
.#..##.#...# #..# #.#
#........##
###..###.#####.#
....##.##.#


There were no monsters in sight!

Vanquished Creatures
  Jessica (D:2)
  2 dart slugs (D:1)
  2 ball pythons (D:2)
  2 giant cockroaches (D:2)
  3 goblins
  3 hobgoblins
  4 bats (D:1)
  2 giant newts (D:1)
  8 kobolds
  3 rats
30 creatures vanquished.

Notes
Turn   | Place    | Note
--------------------------------------------------------------
     0 | D:1      | Kilingo the Minotaur Monk began the quest for the Orb.
     0 | D:1      | Reached XP level 1. HP: 19/19 MP: 0/0
   275 | D:1      | Reached skill level 1 in Armour
   343 | D:1      | Reached XP level 2. HP: 25/26 MP: 1/1
   742 | D:1      | Reached skill level 1 in Short Blades
  1162 | D:2      | Noticed Jessica
  1165 | D:2      | Killed Jessica
  1165 | D:2      | Reached XP level 3. HP: 28/31 MP: 2/2
  1289 | D:2      | Noticed Sigmund
  1299 | D:2      | Gained mutation: You have sharp toenails. [potion of beneficial mutation]
  1299 | D:2      | Slain by Sigmund

Vault maps used:
D:1:      matt_arrival_refuge
D:2:      tgw_xom, uniq_robin, uniq_jessica, uniq_sigmund

Skill      XL: |  1  2 |
---------------+-------+-----
Armour         | 2 |  2.0
Short Blades   | 1 |  1.8
Stealth        | 2 |  2.7
Fighting       | |  3.6
Dodging        | |  3.2
Unarmed Combat | |  4.3

Action                   || total
-------------------------++-------
Melee: Unarmed           ||    71
       Headbutt          ||     7
       Dagger            ||     5
       Punch             ||     1
  Use: Potion            ||     1
 Stab: Sleeping          ||     4
  Eat: Chunk             ||     1
Armor: Robe              ||     9
Dodge: Dodged            ||    39
